2281 views
Uploaded 2024-10-10 07:28:25
Game version 1.36 (6115)
16:02 long 1on1 ladder game on (2)ConcealedHill_S2
Saved by Ferenaer
2281 views
Uploaded 2024-10-10 07:28:25
Game version 1.36 (6115)
16:02 long 1on1 ladder game on (2)ConcealedHill_S2

23 units @ 3.3k
/ 0.4k
15 buildings @ 1.8k
/ 0.6k



| Scroll of Regeneration | 1 | 100 |
| total: | 1 | 100g |
| Peasant | 8 | 600 | / | 0 |
| Footman | 9 | 1215 | / | 0 |
| Knight | 6 | 1470 | / | 360 |
| total: | 23 | 3285g | / | 360w |
| Scout Tower | 1 | 30 | / | 20 |
| Arcane Tower | 1 | 70 | / | 50 |
| Altar of Kings | 1 | 180 | / | 50 |
| Farm | 8 | 640 | / | 160 |
| Barracks | 1 | 160 | / | 60 |
| Arcane Vault | 1 | 130 | / | 30 |
| Lumber Mill | 1 | 120 | / | 0 |
| Blacksmith | 1 | 140 | / | 60 |
| Town Hall | 1 | 385 | / | 205 |
| Keep | 1 | 320 | / | 210 |
| Castle | 1 | 360 | / | 210 |
| total: | 15 | 1785g | / | 585w |
| 0:01 | Peasant |
| 0:06 | Altar of Kings |
| 0:14 | Peasant |
| 0:18 | Farm |
| 0:21 | Barracks |
| 0:30 | Peasant |
| 0:43 | Peasant |
| 0:56 | Peasant |
| 0:58 | Farm |
| 1:02 | Peasant |
| 1:23 | Footman |
| 1:29 | Peasant |
| 1:42 | Footman |
| 1:56 | Peasant |
| 1:58 | Footman |
| 2:06 | Summon Water Elemental |
| 2:28 | Keep |
| 2:42 | Arcane Vault |
| 2:45 | Scout Tower |
| 3:27 | Farm |
| 3:28 | Arcane Tower |
| 3:30 | Brilliance Aura |
| 3:58 | Lumber Mill |
| 4:03 | Farm |
| 4:10 | Footman |
| 4:30 | Farm |
| 4:35 | Footman |
| 5:02 | Black Arrow |
| 5:06 | Footman |
| 5:20 | Castle |
| 5:50 | Footman |
| 6:31 | Footman |
| 6:38 | Life Drain |
| 6:51 | Brilliance Aura |
| 7:00 | Footman |
| 7:41 | Defend |
| 7:55 | Summon Quilbeast |
| 8:01 | Scroll of Regeneration |
| 8:14 | Blacksmith |
| 8:50 | Sundering Blades |
| 8:50 | Animal War Training |
| 9:32 | Knight |
| 9:35 | Black Arrow |
| 9:38 | Black Gunpowder |
| 9:39 | Iron Forged Swords |
| 9:40 | Iron Plating |
| 10:15 | Summon Bear |
| 10:46 | Summon Water Elemental |
| 11:00 | Knight |
| 11:02 | Steel Forged Swords |
| 11:14 | Farm |
| 11:15 | Farm |
| 11:15 | Farm |
| 11:38 | Knight |
| 12:07 | Knight |
| 13:10 | Summon Quilbeast |
| 13:48 | Mithril Forged Swords |
| 13:48 | Steel Plating |
| 14:26 | Life Drain |
| 15:07 | Knight |
| 15:27 | Knight |
| 15:29 | Black Arrow |
| 15:48 | Town Hall |
| Right click | 679 |
| Select group | 577 |
| Select | 390 |
| Build/train/purchase | 149 |
| Assign group | 41 |
| Use ability | 23 |
| Chat | 4 |
| Item give/drop | 1 |
| Remove unit | 1 |
30 units @ 4.6k
/ 0.4k
11 buildings @ 1.8k
/ 0.6k


| Healing Salve | 3 | 300 |
| Potion of Mana | 2 | 400 |
| Potion of Healing | 3 | 450 |
| Orb of Lightning | 1 | 375 |
| Scroll of Protection | 1 | 150 |
| total: | 10 | 1675g |
| Peon | 7 | 525 | / | 0 |
| Grunt | 11 | 2200 | / | 0 |
| Troll Headhunter | 4 | 560 | / | 80 |
| Raider | 6 | 1080 | / | 240 |
| Troll Berserker | 2 | 280 | / | 40 |
| total: | 30 | 4645g | / | 360w |
| Altar of Storms | 1 | 180 | / | 50 |
| Orc Burrow | 5 | 800 | / | 200 |
| Barracks | 1 | 180 | / | 50 |
| Voodoo Lounge | 1 | 130 | / | 30 |
| War Mill | 1 | 205 | / | 0 |
| Beastiary | 2 | 290 | / | 280 |
| Stronghold | 1 | 315 | / | 190 |
| Fortress | 1 | 325 | / | 190 |
| total: | 11 | 1785g | / | 610w |
| 0:02 | Peon |
| 0:02 | Peon |
| 0:05 | Altar of Storms |
| 0:09 | Orc Burrow |
| 0:12 | Peon |
| 0:29 | Barracks |
| 0:37 | Peon |
| 0:55 | Peon |
| 1:15 | Peon |
| 1:28 | Voodoo Lounge |
| 1:36 | Grunt |
| 1:46 | Peon |
| 1:59 | Orc Burrow |
| 2:06 | Feral Spirit |
| 2:53 | Grunt |
| 2:54 | Grunt |
| 2:56 | Orc Burrow |
| 3:01 | Healing Salve |
| 3:34 | Chain Lighting |
| 3:56 | Grunt |
| 4:13 | Grunt |
| 4:15 | Stronghold |
| 4:50 | Healing Salve |
| 4:54 | War Mill |
| 5:18 | Grunt |
| 5:30 | Feral Spirit |
| 5:42 | Orc Burrow |
| 5:47 | Healing Salve |
| 6:16 | Troll Headhunter |
| 6:17 | Troll Headhunter |
| 6:44 | Grunt |
| 6:44 | Grunt |
| 7:13 | Chain Lighting |
| 7:40 | Potion of Mana |
| 7:53 | Fortress |
| 7:56 | Berserker Strength |
| 7:57 | Grunt |
| 8:10 | Potion of Healing |
| 8:11 | Potion of Mana |
| 9:13 | Orc Burrow |
| 9:39 | Troll Headhunter |
| 9:39 | Troll Headhunter |
| 9:58 | Healing Wave |
| 10:07 | Beastiary |
| 10:23 | Orb of Lightning |
| 10:39 | Berserker Upgrade |
| 10:56 | Beastiary |
| 11:26 | Troll Regeneration |
| 11:29 | Raider |
| 11:29 | Raider |
| 11:52 | Troll Berserker |
| 12:16 | Scroll of Protection |
| 12:52 | Hex |
| 13:18 | Grunt |
| 13:19 | Troll Berserker |
| 13:20 | Raider |
| 13:20 | Raider |
| 13:32 | Raider |
| 13:45 | Potion of Healing |
| 14:28 | Feral Spirit |
| 14:40 | Raider |
| 14:43 | Grunt |
| 14:52 | Healing Wave |
| 15:01 | Potion of Healing |
| Right click | 698 |
| Select | 420 |
| Select group | 108 |
| Build/train/purchase | 74 |
| Misc. action | 50 |
| Assign group | 30 |
| Use ability | 30 |
| Chat | 4 |
| Remove unit | 2 |